cohdb
Replays
Latest Replays
All Replays
Popular Replays
Top Player Replays
Match Explorer
How It Works
Community
CoH3 Stats
Reddit
Sign in to upload your games and track your stats! →
Sign in with Steam
Match 43396719
Unlisted
Match 43396719
Overview
Messages
Build Orders
End
Construct Infanterie Kompanie
Grenadier Squad
Grenadier Squad
MG 42 Machine Gun Team
GrW 34 Mortar Team
MG 42 Machine Gun Team
Selects Breakthrough Battlegroup
Selects Assault Grenadiers
Construct Panzergrenadier Kompanie
251 Medium Carrier
Pak 40 Anti-tank Gun Team
Selects 2.5-tonne Cargo Truck
Selects Smoke Bombing Run
Support Elements
Nebelwerfer 42 Rocket Launcher Team
StuG III G Assault Gun
Construct Panzer Kompanie
Selects Incendiary Bombing Run
Sturmpanzer IV Brummbär
Panzer IV Medium Tank
Pioneer Squad
Pioneer Squad
Panzer IV Medium Tank
Repair Bunker
Selects Blitzkrieg
Blitzkrieg
General Idea
TEACHER701
tiestriker88
Skibana
Tok3n x Operator
TechT0nic
0
0
Comments
sign in to comment!
No comments posted yet!